TOP OF THE 1ST |
---|
Indiana Hoosiers batting - Pitching for Stanford Cardinal : RHP Gonzalo Castillo | Pitching: RHP Gonzalo Castillo | | Batting: RHB Frank Reed | 0-0: Swinging Strike 0-1: Called Strike 0-2: Ball 1-2: Strikes out swinging, 2-3 out at first. | Batting: RHB Millard Crawford | 0-0: Ball 1-0: Called Strike 1-1: Called Strike 1-2: Ball 2-2: Ball 3-2: Foul Ball, location: 2F 3-2: Foul Ball, location: 2F 3-2: Strikes out swinging | Batting: LHB Brandon Shields | 0-0: Called Strike 0-1: Called Strike 0-2: SINGLE (Line Drive, 3D) | Batting: RHB Roberto Arce | 0-0: Swinging Strike 0-1: Swinging Strike 0-2: Strikes out swinging | Top of the 1st over - 0 runs, 1 hit, 0 errors, 1 left on base; Indiana 0 - Stanford 0 | BOTTOM OF THE 1ST |
---|
Stanford Cardinal batting - Pitching for Indiana Hoosiers : RHP Myron Allison | Pitching: RHP Myron Allison | | Batting: LHB José Soto | 0-0: Ball 1-0: Called Strike 1-1: Swinging Strike 1-2: Strikes out swinging | Batting: LHB Terry Barton | 0-0: Ball 1-0: Swinging Strike 1-1: Swinging Strike 1-2: Strikes out looking | Batting: RHB Dave Rogers | 0-0: Ball 1-0: Called Strike 1-1: Ball 2-1: Foul Ball, location: 2F 2-2: Ball 3-2: Base on Balls | Batting: RHB Greg Nichols | 0-0: Ball Wild Pitch! Dave Rogers to second 1-0: Ground out 4-3 (Groundball, 4) | Bottom of the 1st over - 0 runs, 0 hits, 0 errors, 1 left on base; Indiana 0 - Stanford 0 | TOP OF THE 2ND |
---|
Indiana Hoosiers batting - Pitching for Stanford Cardinal : RHP Gonzalo Castillo | Batting: RHB Curt David | 0-0: Ball 1-0: Ball 2-0: Called Strike 2-1: Called Strike 2-2: Ball 3-2: Foul Ball, location: 2F 3-2: Base on Balls | Batting: LHB Jimmy Winters | 0-0: Fly out, F7 (Flyball, 78S) | Pitching: RHP Harry Bryant | | Batting: RHB Stephen McNeely | 0-0: Ball 1-0: Ball 2-0: Foul Ball, location: 2F 2-1: Fly out, F6 (Popup, 6) | Batting: RHB Chris Wilson | 0-0: Foul Ball, location: 2F 0-1: Fielders Choice at 2nd, 6-4 (Groundball, 6) | Top of the 2nd over - 0 runs, 0 hits, 0 errors, 1 left on base; Indiana 0 - Stanford 0 | BOTTOM OF THE 2ND |
---|
Stanford Cardinal batting - Pitching for Indiana Hoosiers : RHP Myron Allison | Batting: RHB Rick McDonald | 0-0: Called Strike 0-1: Ball 1-1: Swinging Strike 1-2: Ball 2-2: Ground out 3-1 (Groundball, 34) | Batting: SHB Jimmy Wilson | 0-0: Ball 1-0: Called Strike 1-1: SINGLE (Flyball, 3D) | Batting: RHB Dave Bennett | 0-0: Ball 1-0: Ball Wild Pitch! Jimmy Wilson to second 2-0: Called Strike 2-1: Swinging Strike 2-2: Ball 3-2: Foul Ball, location: 2F 3-2: Foul Ball, location: 2F 3-2: Foul Ball, location: 2F 3-2: Foul Ball, location: 2F 3-2: Base on Balls | Batting: RHB Bill Reed | 0-0: Ball 1-0: Grounds into double play, 4-6-3 (Groundball, 4) | Bottom of the 2nd over - 0 runs, 1 hit, 0 errors, 1 left on base; Indiana 0 - Stanford 0 | TOP OF THE 3RD |
---|
Indiana Hoosiers batting - Pitching for Stanford Cardinal : RHP Harry Bryant | Batting: RHB Luke Nelson | 0-0: Ball 1-0: Ball 2-0: Ball 3-0: Base on Balls | Batting: RHB Frank Reed | Pickoff Throw to First - Error! E1 Luke Nelson to second 0-0: Called Strike 0-1: Fly out, F9 (Flyball, 89D) Runner from 2nd tags up, SAFE at 3rd, no throw | Batting: RHB Millard Crawford | 0-0: Swinging Strike 0-1: Swinging Strike 0-2: Foul Ball, location: 2F 0-2: Ball 1-2: Ball 2-2: Strikes out swinging | Batting: LHB Brandon Shields | 0-0: Ball 1-0: Ball 2-0: Fly out, F7 (Flyball, 7LS) | Top of the 3rd over - 0 runs, 0 hits, 1 error, 1 left on base; Indiana 0 - Stanford 0 | BOTTOM OF THE 3RD |
---|
Stanford Cardinal batting - Pitching for Indiana Hoosiers : RHP Myron Allison | Batting: RHB Flint Ballard | 0-0: Called Strike 0-1: Ball 1-1: Foul Ball, location: 2F 1-2: Ball 2-2: Strikes out looking | Batting: LHB José Soto | 0-0: Fly out, F7 (Flyball, 78S) | Batting: LHB Terry Barton | 0-0: Fly out, F7 (Flyball, 7S) | Bottom of the 3rd over - 0 runs, 0 hits, 0 errors, 0 left on base; Indiana 0 - Stanford 0 | TOP OF THE 4TH |
---|
Indiana Hoosiers batting - Pitching for Stanford Cardinal : RHP Harry Bryant | Batting: RHB Roberto Arce | 0-0: Called Strike 0-1: Ball 1-1: Swinging Strike 1-2: Ball 2-2: Strikes out swinging | Batting: RHB Curt David | 0-0: Foul Ball, location: 2F 0-1: Ball 1-1: Fly out, F8 (Flyball, 8RD) | Batting: LHB Jimmy Winters | 0-0: Ball 1-0: Ground out 1-3 (Groundball, 13) | Top of the 4th over - 0 runs, 0 hits, 0 errors, 0 left on base; Indiana 0 - Stanford 0 | BOTTOM OF THE 4TH |
---|
Stanford Cardinal batting - Pitching for Indiana Hoosiers : RHP Myron Allison | Batting: RHB Dave Rogers | 0-0: Called Strike 0-1: Foul Ball, location: 2F 0-2: Ball 1-2: Ball 2-2: Strikes out swinging | Batting: RHB Greg Nichols | 0-0: Swinging Strike 0-1: SOLO HOME RUN (Flyball, 7LD), Distance : 330 ft | Batting: RHB Rick McDonald | 0-0: Ball 1-0: Ball 2-0: Foul Ball, location: 2F 2-1: Swinging Strike 2-2: Ball 3-2: Foul Ball, location: 2F 3-2: Ground out 5-3 (Groundball, 56) | Batting: SHB Jimmy Wilson | 0-0: Called Strike 0-1: Ball 1-1: Swinging Strike 1-2: Ball 2-2: Ball 3-2: SINGLE (Flyball, 9S) | Batting: RHB Dave Bennett | 0-0: Ball 1-0: Foul Ball, location: 2F 1-1: Called Strike 1-2: Foul Ball, location: 2F 1-2: Ball 2-2: Foul Ball, location: 2F 2-2: Ground out 3-1 (Groundball, 3L) | Bottom of the 4th over - 1 run, 2 hits, 0 errors, 1 left on base; Indiana 0 - Stanford 1 | TOP OF THE 5TH |
---|
Indiana Hoosiers batting - Pitching for Stanford Cardinal : RHP Harry Bryant | Batting: RHB Stephen McNeely | 0-0: Ball 1-0: Called Strike 1-1: Swinging Strike 1-2: Ball 2-2: Strikes out looking | Batting: RHB Chris Wilson | 0-0: Swinging Strike 0-1: Ball 1-1: Ball 2-1: Foul Ball, location: 2F 2-2: Strikes out looking | Batting: RHB Luke Nelson | 0-0: SINGLE (Line Drive, 6M) | Batting: RHB Frank Reed | 0-0: Ball 1-0: SINGLE (Line Drive, 89M) Luke Nelson to second Runner from 2nd tries for 3rd, SAFE, no throw | Batting: RHB Millard Crawford | 0-0: Ball 1-0: Swinging Strike 1-1: Ball 2-1: Foul Ball, location: 2F 2-2: Ball 3-2: Base on Balls Frank Reed to second | Batting: LHB Brandon Shields | 0-0: Ball 1-0: Ball 2-0: Called Strike 2-1: Fielders Choice at 2nd, U4 (Groundball, 4M) | Top of the 5th over - 0 runs, 2 hits, 0 errors, 3 left on base; Indiana 0 - Stanford 1 | BOTTOM OF THE 5TH |
---|
Stanford Cardinal batting - Pitching for Indiana Hoosiers : RHP Myron Allison | Batting: RHB Bill Reed | 0-0: Ball 1-0: Foul Ball, location: 2F 1-1: Ball 2-1: Ground out 6-3 (Groundball, 6) | Batting: RHB Flint Ballard | 0-0: Ball 1-0: Swinging Strike 1-1: Ball 2-1: Foul Ball, location: 2F 2-2: Foul Ball, location: 2F 2-2: SINGLE (Groundball, 6D) | Pitching: RHP Dave Murray | | Batting: LHB José Soto | 0-0: Called Strike 0-1: Swinging Strike 0-2: Ball 1-2: Strikes out swinging | Batting: LHB Terry Barton | 0-0: Called Strike 0-1: Ball 1-1: Ball 2-1: Ball 3-1: Reached on error, E5 (Groundball, 5L) Flint Ballard to second | Batting: RHB Dave Rogers | 0-0: Ball 1-0: Ball 2-0: Fly out, F7 (Line Drive, 7D) | Bottom of the 5th over - 0 runs, 1 hit, 1 error, 2 left on base; Indiana 0 - Stanford 1 | TOP OF THE 6TH |
---|
Indiana Hoosiers batting - Pitching for Stanford Cardinal : RHP Harry Bryant | Batting: RHB Roberto Arce | 0-0: Ball 1-0: Foul Ball, location: 2F 1-1: Foul Ball, location: 2F 1-2: Strikes out looking | Batting: RHB Curt David | 0-0: Called Strike 0-1: Ball 1-1: Ground out 6-3 (Groundball, 6S) | Batting: LHB Jimmy Winters | 0-0: Called Strike 0-1: Foul Ball, location: 2F 0-2: Strikes out looking | Top of the 6th over - 0 runs, 0 hits, 0 errors, 0 left on base; Indiana 0 - Stanford 1 | BOTTOM OF THE 6TH |
---|
Stanford Cardinal batting - Pitching for Indiana Hoosiers : RHP Dave Murray | Batting: RHB Greg Nichols | 0-0: Ball 1-0: SINGLE (Groundball, 34D) | Batting: RHB Rick McDonald | 0-0: Called Strike 0-1: Ball 1-1: Swinging Strike 1-2: Strikes out swinging | Batting: SHB Jimmy Wilson | 0-0: Called Strike 0-1: Ball 1-1: 2-RUN HOME RUN (Flyball, 9D), Distance : 345 ft | Pitching: LHP Robin Bergeron | | Batting: RHB Dave Bennett | 0-0: Ball 1-0: Ball 2-0: Ball 3-0: Called Strike 3-1: Called Strike 3-2: Base on Balls | Batting: RHB Bill Reed | 0-0: Ball 1-0: Ball 2-0: SINGLE (Groundball, 2L) (infield hit) Dave Bennett to second | Batting: RHB Flint Ballard | 0-0: Swinging Strike 0-1: Swinging Strike 0-2: Ball 1-2: Ball 2-2: Fly out, F8 (Flyball, 8RM) | Batting: LHB José Soto | 0-0: Ball 1-0: Ball 2-0: Ball 3-0: Called Strike 3-1: Base on Balls Dave Bennett to third Bill Reed to second | Batting: LHB Terry Barton | 0-0: Ball 1-0: Ball 2-0: Called Strike 2-1: Ball 3-1: Foul Ball, location: 2F 3-2: Foul Ball, location: 2F 3-2: Foul Ball, location: 2F 3-2: Foul Ball, location: 2F 3-2: Base on Balls Dave Bennett scores Bill Reed to third José Soto to second | Batting: RHB Dave Rogers | 0-0: SINGLE (Groundball, 4D) Bill Reed scores José Soto to third Terry Barton to second Runner from 3rd tries for Home, SAFE, no throw | Batting: RHB Greg Nichols | 0-0: Ball 1-0: Called Strike 1-1: Foul Ball, location: 2F 1-2: Ball 2-2: Ball 3-2: 3-RUN HOME RUN (Flyball, 78XD), Distance : 386 ft | Batting: RHB Rick McDonald | 0-0: Ball 1-0: Fly out, F5 (Line Drive, 56) | Bottom of the 6th over - 8 runs, 5 hits, 0 errors, 0 left on base; Indiana 0 - Stanford 9 | TOP OF THE 7TH |
---|
Indiana Hoosiers batting - Pitching for Stanford Cardinal : RHP Harry Bryant | Now at 1B: José Trindade | | Batting: RHB Stephen McNeely | 0-0: Ball 1-0: Ground out 1-3 (Groundball, P) | Pitching: LHP Leonard Rowland | | Batting: RHB Chris Wilson | 0-0: Ball 1-0: SINGLE (Groundball, 56D) | Batting: RHB Luke Nelson | 0-0: Ball 1-0: Swinging Strike 1-1: Foul Ball, location: 2F 1-2: Ball 2-2: Foul Ball, location: 2F 2-2: Foul Ball, location: 2F 2-2: Strikes out swinging | Batting: RHB Frank Reed | 0-0: Ball 1-0: Foul Ball, location: 2F 1-1: Ball 2-1: Ball Pickoff Throw by Catcher to First - Error! E2 Chris Wilson to second 3-1: Swinging Strike 3-2: Strikes out swinging | Top of the 7th over - 0 runs, 1 hit, 1 error, 1 left on base; Indiana 0 - Stanford 9 | BOTTOM OF THE 7TH |
---|
Stanford Cardinal batting - Pitching for Indiana Hoosiers : LHP Robin Bergeron | Batting: SHB Jimmy Wilson | 0-0: Ball 1-0: Ball 2-0: Foul Ball, location: 2F 2-1: Swinging Strike 2-2: Strikes out swinging | Batting: RHB Dave Bennett | 0-0: Fly out, F9 (Flyball, 9) | Batting: RHB Bill Reed | 0-0: Ball 1-0: Ball 2-0: Called Strike 2-1: Called Strike 2-2: Reached via error on a dropped throw, E3 | Batting: RHB Flint Ballard | 0-0: Foul Ball, location: 2F 0-1: Ball 1-1: SINGLE (Line Drive, 4D) Bill Reed to second | Batting: LHB José Soto | 0-0: SINGLE (Line Drive, 9LS) Bill Reed to third Flint Ballard to second | Batting: LHB Terry Barton | 0-0: Foul Ball, location: 2F 0-1: Ball 1-1: Foul Ball, location: 2F 1-2: Strikes out looking | Bottom of the 7th over - 0 runs, 2 hits, 1 error, 3 left on base; Indiana 0 - Stanford 9 | TOP OF THE 8TH |
---|
Indiana Hoosiers batting - Pitching for Stanford Cardinal : LHP Leonard Rowland | Now at C: Aaron Grant | | Batting: RHB Millard Crawford | 0-0: Called Strike 0-1: Fly out, F6 (Popup, 6) | Batting: LHB Brandon Shields | 0-0: Ball 1-0: Swinging Strike 1-1: Ball 2-1: Fly out, F6 (Popup, 6MD) | Batting: RHB Roberto Arce | 0-0: Ball 1-0: Called Strike 1-1: Ball 2-1: Swinging Strike 2-2: Strikes out looking | Top of the 8th over - 0 runs, 0 hits, 0 errors, 0 left on base; Indiana 0 - Stanford 9 | BOTTOM OF THE 8TH |
---|
Stanford Cardinal batting - Pitching for Indiana Hoosiers : LHP Robin Bergeron | Batting: RHB Dave Rogers | 0-0: Foul Ball, location: 2F 0-1: Ball 1-1: Foul Ball, location: 2F 1-2: Fly out, F9 (Flyball, 9) | Batting: LHB José Trindade | 0-0: Ball 1-0: Ball 2-0: Swinging Strike 2-1: Ball 3-1: Called Strike 3-2: Strikes out swinging | Batting: RHB Rick McDonald | 0-0: Foul Ball, location: 2F 0-1: Called Strike 0-2: SINGLE (Groundball, 6MD) | Batting: SHB Jimmy Wilson | 0-0: Called Strike 0-1: Ball 1-1: Called Strike 1-2: Ball 2-2: Ball 3-2: Base on Balls Rick McDonald to second | Batting: RHB Dave Bennett | 0-0: SINGLE (Flyball, 7S) Rick McDonald to third Jimmy Wilson to second Runner from 3rd tries for Home, SAFE, no throw | Batting: RHB Aaron Grant | 0-0: Ball 1-0: Ball 2-0: Foul Ball, location: 2F 2-1: Ball 3-1: Base on Balls Jimmy Wilson to third Dave Bennett to second | Pitching: RHP Bob Kelly | | Batting: RHB Flint Ballard | Balk! Jimmy Wilson scores Dave Bennett to third Aaron Grant to second 0-0: Ball 1-0: Ground out 5-3 (Groundball, 5) | Bottom of the 8th over - 2 runs, 2 hits, 0 errors, 2 left on base; Indiana 0 - Stanford 11 | TOP OF THE 9TH |
---|
Indiana Hoosiers batting - Pitching for Stanford Cardinal : LHP Leonard Rowland | Batting: RHB Curt David | 0-0: Ball 1-0: Foul Ball, location: 2F 1-1: Called Strike 1-2: Ball 2-2: Foul Ball, location: 2F 2-2: SINGLE (Line Drive, 6M) | Batting: LHB Jimmy Winters | 0-0: Ball 1-0: Called Strike 1-1: Ball 2-1: Fly out, F3 (Line Drive, 34) | Batting: RHB Stephen McNeely | 0-0: Foul Ball, location: 2F 0-1: Fly out, F8 (Flyball, 8LM) | Batting: RHB Chris Wilson | 0-0: Ball 1-0: Foul Ball, location: 2F 1-1: DOUBLE (Groundball, 5L) Curt David to third | Batting: RHB Luke Nelson | 0-0: Called Strike 0-1: Ball 1-1: Ball Wild Pitch! Curt David scores Chris Wilson to third 2-1: Ground out 6-3 (Groundball, 6) | Top of the 9th over - 1 run, 2 hits, 0 errors, 1 left on base; Indiana 1 - Stanford 11 | |